Map: 虚拟幻境-天梯版

Players

llllllllllll - Winner!

  • Race: Terran Terran
  • League: Grandmaster
  • Spawn Location: 11:00

llllllllllll

  • Race: Terran Terran
  • League: Grandmaster
  • Spawn Location: 5:00

VOD

Have the link to the VOD?

Description

Time

  • Played on: Jan. 15, 2020, 2:10 p.m.
  • Length: 14:15
Show
View Real Time Build Order
Export as new Build Order

llllllllllll Terran - Winner!

Build Orders: Cyclone Opening 

Get SALT Encoding   

  12  0:00  SCV  
  13  0:12  SCV  
  14  0:17  Supply Depot  
  14  0:24  SCV  
  15  0:28  Refinery  
  15  0:39  SCV  
  16  0:44  Barracks  
  16  0:51  SCV  
  16  0:55  Refinery  
  17  1:03  SCV  
  18  1:15  SCV  
  19  1:27  SCV  
  19  1:32  Factory  
  20  1:35  Reaper  
  20  1:39  Orbital Command  
  21  1:47  Supply Depot  
  21  2:04  SCV  
  21  2:07  Reaper  
  25  2:15  Hellion  
  25  2:16  SCV  
  26  2:26  Command Center  
  26  2:29  SCV  
  27  2:34  Supply Depot  
  27  2:36  Factory Tech Lab  
  27  2:41  SCV  
  28  2:48  Starport  
  28  2:53  SCV  
  29  2:59  Cyclone  
  29  3:05  SCV  
  33  3:08  Marine  
  34  3:17  SCV  
  35  3:29  SCV  
  35  3:34  Raven  
  36  3:39  Orbital Command  
  38  3:41  SCV  
  38  3:42  Barracks Reactor  
  38  3:43  Factory Tech Lab  
  39  3:53  SCV  
  39  3:54  Command Center  
  40  4:05  SCV  
  40  4:06  SCV  
  40  4:07  Siege Tank  
  45  4:17  SCV  
  45  4:18  SCV  
  45  4:20  Barracks  
  47  4:26  Marine, Stimpack  
  47  4:27  Barracks  
  47  4:30  SCV  
  47  4:31  SCV  
  50  4:34  Starport Reactor  
  50  4:37  Refinery  
  49  4:39  Refinery  
  49  4:42  SCV  
  49  4:43  SCV  
  49  4:45  Supply Depot  
  51  4:48  Marine  
  52  4:54  SCV  
  52  4:55  SCV  
  54  5:01  Supply Depot  
  54  5:05  Siege Tank  
  54  5:06  SCV, Orbital Command  
  58  5:08  SCV  
  58  5:11  Marine  
  58  5:12  Marine  
  61  5:17  Medivac  
  61  5:18  SCV  
  61  5:19  Medivac  
  61  5:20  SCV  
  67  5:21  Marine  
  67  5:26  Orbital Command  
  68  5:28  Supply Depot  
  68  5:30  SCV  
  68  5:33  Engineering Bay  
  68  5:34  SCV  
  70  5:36  Engineering Bay  
  70  5:37  Marine x2  
  70  5:42  SCV  
  73  5:43  Marine  
  73  5:47  SCV  
  75  5:52  Marine  
  75  5:53  SCV  
  75  5:54  SCV  
  75  5:56  Starport Reactor  
  79  5:59  SCV  
  79  6:01  Siege Tank, Marine x2  
  79  6:03  Terran Infantry Armor Level 1, Terran Infantry Weapons Level 1  
  85  6:05  SCV  
  85  6:06  SCV  
  85  6:09  Combat Shield  
  85  6:11  SCV, Marine  
  87  6:14  Marine  
  87  6:17  Supply Depot, SCV  
  91  6:19  Marine x2  
  91  6:22  Barracks, SCV  
  91  6:25  Barracks  
  93  6:31  Supply Depot  
  93  6:38  Siege Tank, Marine x4  
  98  6:49  Marine  
  98  6:50  Medivac  
  101  6:56  Marine x3  
  101  6:58  SCV x2  
  101  6:59  SCV  
  107  7:01  Marine  
  107  7:02  Armory  
  107  7:07  Marine  
  109  7:18  Barracks Reactor x2  
  109  7:19  Supply Depot  
  109  7:20  Supply Depot  
  109  7:25  SCV, Marine  
  109  7:26  SCV, Marine  
  109  7:27  SCV, Marine x2  
  108  7:34  Medivac, Marine  
  108  7:37  SCV  
  108  7:41  Medivac, Siege Tank, SCV x2  
  108  7:42  Marine  
  117  7:44  Marine  
  117  7:45  Marine  
  117  7:47  Marine  
  117  7:49  SCV  
  121  7:52  Refinery x2, Marine  
  121  7:53  SCV x2  
  121  7:54  Marine  
  125  8:02  Sensor Tower, Supply Depot  
  125  8:09  Supply Depot x2  
  125  8:18  Supply Depot  
  125  8:23  Marine x5  
  125  8:24  Siege Tank  
  125  8:26  Supply Depot  
  133  8:30  Medivac x2, Marine x3  
  133  8:31  SCV x2  
  133  8:32  Terran Infantry Weapons Level 2  
  133  8:33  Terran Vehicle Weapons Level 1  
  142  8:36  Factory  
  142  8:37  Command Center  
  142  8:41  Marine x5  
  142  8:42  Supply Depot  
  142  8:48  SCV x3, Barracks Reactor, Marine x3  
  153  8:55  Refinery  
  153  8:56  Refinery, Siege Tank  
  153  8:59  Sensor Tower, Marine x5  
  153  9:00  Medivac  
  163  9:03  SCV  
  163  9:04  SCV  
  163  9:06  Marine x2  
  157  9:22  Siege Tank  
  157  9:23  Marine x6  
  157  9:24  Marine x2  
  154  9:27  Marine x2  
  154  9:28  Siege Tank  
  161  9:33  Viking x2  
  161  9:38  Starport  
  165  9:39  Starport  
  165  9:41  Marine x2  
  165  9:43  Marine x5  
  165  9:45  Marine  
  173  9:51  Planetary Fortress  
  173  9:53  Marine x2  
  173  9:54  Siege Tank  
  173  9:58  Marine  
  173  9:59  Marine  
  180  10:00  Siege Tank  
  180  10:01  Marine  
  180  10:06  Marine x2  
  180  10:07  Marine  
  186  10:11  Marine x2  
  187  10:17  Marine  
  187  10:18  Marine x2  
  186  10:26  Siege Tank  
  186  10:27  Marine x3  
  186  10:28  Marine x2  
  180  10:29  Marine x2  
  180  10:32  Siege Tank  
  180  10:35  Marine x2, Viking x2  
  182  10:41  Command Center  
  185  10:45  Marine  
  185  10:48  Starport Reactor  
  185  10:49  Starport Reactor  
  188  10:52  Fusion Core, Terran Infantry Weapons Level 3, Terran Infantry Armor Level 2  
  188  10:53  Supply Depot  
  186  11:05  Siege Tank x2  
  191  11:12  Supply Depot  
  191  11:18  Marine x3  
  191  11:22  Marine  
  176  11:28  Marine  
  176  11:29  Marine x5  
  164  11:34  Medivac  
  164  11:35  Viking x2  
  164  11:36  Marine x3  
  164  11:37  Siege Tank x2  
  179  11:40  Marine  
  179  11:46  Marine x2  
  179  11:47  Marine x3  
  180  11:50  Viking x2  
  180  11:52  Advanced Ballistics  
  187  11:57  Liberator  
  187  12:00  Orbital Command  
  190  12:09  Siege Tank x2  
  190  12:15  Marine x3  
  155  12:17  Marine  
  155  12:18  Marine x3  
  155  12:22  Marine  
  136  12:23  Marine x2  
  136  12:26  Viking x2  
  136  12:27  Viking  
  144  12:33  Marine x2  
  144  12:36  Marine  
  147  12:44  Liberator x2, Command Center  
  150  12:45  Marine  
  150  12:46  Marine  
  150  12:48  Marine x2  
  157  12:52  Marine x2  
  157  12:54  Marine x2  
  157  12:57  Siege Tank  
  164  12:58  Marine x2  
  165  13:06  Siege Tank  
  165  13:07  Marine x3  
  165  13:08  Marine  
  165  13:09  Marine  
  165  13:10  Marine, Orbital Command  
  165  13:12  Marine x2  
  174  13:18  Marine  
  175  13:20  Viking x2  
  175  13:25  Marine x3  
  182  13:28  Marine x2  
  182  13:29  Siege Tank, Marine  
  186  13:36  Marine  
  186  13:38  Siege Tank  
  186  13:40  Marine  
  187  13:43  Marine  
  187  13:44  Marine x2  
  187  13:47  Marine  
  186  13:54  Marine x2  
Show
View Real Time Build Order
Export as new Build Order

llllllllllll Terran 

Build Orders: Gas First Reaper Expand 

Get SALT Encoding   

  12  0:01  SCV  
  13  0:13  SCV  
  14  0:17  Supply Depot  
  14  0:25  SCV  
  15  0:35  Refinery  
  15  0:39  SCV  
  16  0:44  Barracks  
  16  0:51  SCV  
  17  1:03  SCV  
  18  1:15  SCV  
  19  1:31  Reaper, Orbital Command  
  20  1:42  Command Center  
  20  1:49  Supply Depot  
  20  1:57  SCV  
  21  2:03  Factory  
  21  2:09  SCV  
  21  2:11  Barracks Reactor  
  21  2:12  Refinery  
  22  2:21  SCV  
  23  2:24  Bunker  
  23  2:33  SCV  
  24  2:45  SCV  
  24  2:49  Starport, Factory Tech Lab  
  24  2:50  Marine x2  
  27  2:54  Orbital Command  
  27  2:58  SCV  
  28  3:09  Cyclone  
  28  3:11  Marine x2  
  33  3:15  SCV  
  34  3:20  SCV  
  34  3:26  Supply Depot  
  34  3:27  SCV  
  36  3:29  Starport Tech Lab  
  36  3:32  SCV  
  36  3:33  Refinery  
  37  3:39  Marine x2  
  39  3:41  Siege Tank  
  39  3:44  SCV  
  39  3:45  SCV  
  44  3:51  Supply Depot  
  44  3:56  SCV  
  44  3:57  SCV  
  46  4:07  Raven  
  46  4:09  SCV x2  
  50  4:15  Command Center  
  50  4:20  Supply Depot  
  53  4:24  Siege Tank  
  53  4:26  SCV  
  53  4:27  SCV  
  53  4:30  Marine x2  
  57  4:38  SCV  
  58  4:39  SCV  
  58  4:42  Refinery  
  58  4:43  Supply Depot  
  59  4:50  SCV  
  59  4:51  SCV  
  61  4:55  Barracks  
  61  4:56  Siege Tank  
  61  4:58  Starport Reactor  
  63  5:06  Barracks  
  63  5:07  SCV x2  
  64  5:11  Marine  
  66  5:18  Supply Depot  
  66  5:19  SCV x2  
  68  5:28  Orbital Command  
  68  5:29  Siege Tank  
  68  5:30  Marine  
  68  5:31  SCV x2  
  74  5:43  SCV x2, Starport Reactor  
  74  5:48  Supply Depot, Marine x3  
  74  5:49  Supply Depot  
  79  5:50  Orbital Command  
  79  5:57  Engineering Bay  
  79  5:58  Engineering Bay  
  79  6:00  SCV x2  
  79  6:03  Siege Tank  
  84  6:05  Marine x2  
  84  6:06  Marine  
  87  6:20  SCV x3  
  87  6:23  Medivac x2  
  87  6:25  Terran Infantry Armor Level 1, Terran Infantry Weapons Level 1  
  94  6:27  Supply Depot  
  94  6:30  Supply Depot  
  94  6:32  SCV  
  94  6:37  Siege Tank, Marine  
  95  6:42  Barracks Tech Lab  
  91  6:53  Marine  
  82  6:55  Marine  
  81  7:01  SCV  
  81  7:03  SCV x2  
  81  7:06  Refinery x2  
  82  7:11  Marine  
  82  7:13  SCV, Marine x2  
  83  7:29  Marine  
  73  7:31  Marine x2  
  72  7:47  Marine  
  72  7:48  Marine  
  72  7:49  SCV, Marine  
  72  7:50  SCV  
  76  7:52  SCV  
  76  7:58  Siege Tank  
  80  7:59  Stimpack  
  80  8:00  Refinery  
  80  8:01  SCV  
  80  8:02  SCV  
  80  8:04  Barracks, SCV  
  80  8:05  Marine  
  84  8:06  Barracks, Marine, Armory  
  84  8:07  Marine  
  84  8:08  Barracks  
  84  8:09  Sensor Tower  
  86  8:14  SCV x2  
  86  8:17  Medivac x2  
  92  8:22  Marine  
  92  8:23  SCV, Missile Turret  
  92  8:24  Marine x2  
  92  8:26  SCV x2  
  98  8:28  Missile Turret  
  98  8:30  Missile Turret  
  98  8:35  SCV  
  98  8:38  SCV x2  
  101  8:43  Siege Tank, Marine x3  
  107  8:49  SCV  
  107  8:50  SCV x2  
  107  8:51  Factory  
  107  8:52  Barracks Reactor  
  107  8:53  Barracks Reactor  
  110  8:56  Barracks Reactor  
  110  8:57  Terran Infantry Weapons Level 2, Terran Infantry Armor Level 2  
  110  9:00  Terran Vehicle Weapons Level 1  
  110  9:01  Supply Depot, Marine  
  110  9:02  SCV x3  
  114  9:09  Marine x2  
  103  9:19  Siege Tank, Marine  
  99  9:27  Marine x2  
  99  9:31  SCV x3  
  104  9:34  Command Center  
  104  9:36  Marine  
  109  9:39  Viking x2  
  109  9:41  Factory Tech Lab  
  109  9:45  Marine x2  
  111  9:47  Supply Depot  
  111  9:48  Marine  
  111  9:49  Marine x5  
  111  9:51  Siege Tank  
  120  9:54  Marine  
  121  10:03  Marine x2  
  121  10:05  Combat Shield  
  121  10:06  Marine x2  
  121  10:07  Marine x4  
  124  10:12  Marine  
  123  10:20  Marine  
  123  10:21  Marine  
  121  10:24  Marine x3  
  121  10:25  Marine x3  
  121  10:27  Siege Tank  
  124  10:30  Marine  
  123  10:38  Marine x2  
  123  10:42  Marine x5  
  127  10:43  Marine  
  127  10:48  Marine  
  127  10:49  Liberator x2  
  135  10:56  Marine x2  
  140  11:00  Marine x6  
  146  11:05  Siege Tank, Marine  
  146  11:06  Siege Tank  
  146  11:07  Terran Vehicle Weapons Level 2  
  153  11:14  Marine x2  
  153  11:17  Marine  
  153  11:18  Marine x5  
  152  11:23  Marine  
  120  11:32  Marine x2  
  116  11:35  Marine x2  
  116  11:36  Marine x4, Planetary Fortress  
  120  11:41  Marine  
  120  11:42  Orbital Command  
  120  11:49  Marine  
  120  11:50  Siege Tank, Viking x2  
  127  11:55  Missile Turret  
  127  11:58  Missile Turret  
  106  12:20  Marine  
  106  12:21  Siege Tank, Marine x3  
  106  12:22  Marine, Viking x2  
  103  12:24  SCV  
  103  12:29  SCV  
  106  12:32  SCV x2  
  108  12:39  Siege Tank  
  108  12:40  SCV  
  108  12:41  SCV  
  113  12:44  SCV x2  
  115  12:52  SCV  
  115  12:53  SCV  
  115  12:54  Refinery x2  
  115  12:56  SCV x2, Siege Tank  
  115  12:57  Marine  
  115  12:58  Marine x3  
  126  13:01  Marine x3  
  126  13:05  SCV  
  125  13:08  Marine x2  
  123  13:15  Marine  
  123  13:16  Siege Tank, Marine x3  
  130  13:34  Marine x6  
  124  13:39  Marine x3  
  117  13:51  Marine  
  117  13:53  Marine x2  
  117  13:55  Marine x2  
Tags
 
Add a new tag
Caveats
  • Supply blocks, unpowered buildings, or Contaminate may cause inaccurate times.
  • Supply counts are checked every 10 seconds.